 Dungeon Crawl Stone Soup version 0.21.1-1-g345015f (webtiles) character file.

92 Supreme the Digger (level 4, -13/24 HPs)
             Began as a Gargoyle Earth Elementalist on Apr 16, 2018.
             Mangled by a two-headed ogre
             ... wielding a +0 dire flail
              (29 damage)
             ... on level 4 of the Dungeon.
             The game lasted 00:12:03 (784 turns).

Supreme the Digger (Gargoyle Earth Elementalist)     Turns: 784, Time: 00:12:09

Health: -13/24     AC:  7    Str: 12    XL:     4   Next: 60%
Magic:  0/8        EV: 11    Int: 16    God:
Gold:   57         SH:  0    Dex: 10    Spells: 5/8 levels left

rFire    . . .     SeeInvis .   q - +0 hunting sling
rCold    + . .     Gourm    .   (no shield)
rNeg     + . .     Faith    .   m - +0 leather armour {rC+}
rPois    ∞         Spirit   .   (no helmet)
rElec    +         Reflect  .   f - +0 cloak
rCorr    .         Harm     .   (no gloves)
MR       .....                  (no boots)
Stlth    ++........             (no amulet)
HPRegen  0.08/turn              p - ring of wizardry
MPRegen  0.11/turn              (no ring)

@: no status effects
A: negative energy resistance 1, electricity resistance, unbreathing,
petrification resistance, rot immunity, AC +3
a: no special abilities


You were on level 4 of the Dungeon.
You were not hungry.

You visited 1 branch of the dungeon, and saw 3 of its levels.

You collected 57 gold pieces.

Inventory:

Hand Weapons
 g - a +0 dagger
 h - a +0 club
 k - a +0 mace
 o - a +0 spear
 q - a +0 hunting sling (weapon)
Missiles
 b - 62 stones
 l - 12 poisoned needles
 r - 9 sling bullets (quivered)
Armour
 c - a +0 robe
 f - a +0 cloak (worn)
 m - a +0 leather armour of cold resistance (worn)
Jewellery
 p - a ring of wizardry (left hand)
Scrolls
 a - a scroll of remove curse
 j - a scroll of identify
Potions
 i - 2 potions of cancellation {unknown}
 n - 2 potions of lignification {unknown}
Books
 e - a book of Geomancy

   Spells                             Type                      Level
   a - Sandblast                      Earth                        1
   b - Passwall                       Transmutation/Earth          2
   c - Stone Arrow                    Conjuration/Earth            3
   d - Petrify                        Transmutation/Earth          4
   e - Lee's Rapid Deconstruction     Earth                        5
 t - a book of Callings

   Spells                             Type                      Level
   a - Summon Small Mammal            Summoning                    1
   b - Call Imp                       Summoning                    2
   c - Call Canine Familiar           Summoning                    3
   d - Summon Guardian Golem          Hexes/Summoning              3
   e - Summon Lightning Spire         Summoning/Air                4
   f - Summon Ice Beast               Ice/Summoning                4
Comestibles
 d - 3 rations
 s - 3 chunks of flesh


   Skills:
 + Level 0.5 Fighting
 + Level 1.9 Dodging
 + Level 2.3 Stealth
 + Level 2.8 Spellcasting
 + Level 0.8 Transmutations
 * Level 5.2 Earth Magic


You had 5 spell levels left.
You knew the following spells:

 Your Spells              Type           Power        Failure   Level  Hunger
a - Sandblast             Erth           ###...       1%          1    #......
b - Passwall              Tmut/Erth      ##........   4%          2    ##.....


Dungeon Overview and Level Annotations

Branches:
Dungeon (2/15)

Altars:
Cheibriados

Annotations:
D:2 Terence


Innate Abilities, Weirdness & Mutations

You are resistant to torment.
Your stone body is resilient. (AC +3)
You are immune to poison.
You resist negative energy. (rN+)
You are resistant to electric shocks. (rElec)
You can survive without breathing.
You are immune to petrification.
You are immune to rotting.


Message History

You shoot a sling bullet.
The sling bullet barely misses the two-headed ogre.
The sling bullet hits the orc priest.
The orc priest is lightly wounded.
Firing (i - inventory. (,) - cycle):
r - 11 sling bullets (quivered)
Press: ? - help, Shift-Dir - straight line, f/p - two-headed ogre
Aim: a two-headed ogre, wielding a dire flail and a giant spiked club You shoot a sling bullet.
The sling bullet hits the two-headed ogre.
The two-headed ogre is lightly wounded.
Firing (i - inventory. (,) - cycle):
r - 10 sling bullets (quivered)
Press: ? - help, Shift-Dir - straight line, f/p - two-headed ogre
Aim: a two-headed ogre, wielding a dire flail and a giant spiked club (lightly wounded)
You shoot a sling bullet.
The sling bullet hits the two-headed ogre.
The two-headed ogre is lightly wounded.
The two-headed ogre misses you.
The two-headed ogre hits you with a giant spiked club!!
Ouch! That really hurt!
You die...

###..........#
#.).(........#
..#...o......#
#..........# ##
#..........#...
#..#...........#
.#.##.......####
#.
#####...######
#. #$.#(.(oO@#
....##.######
....#....#
.##.#.#### #.O.
....# .. .


You could see a two-headed ogre and an orc priest.

Vanquished Creatures
  An orc wizard (D:4)
  Natasha (D:2)
  An adder (D:2)
  2 dart slugs (D:1)
  2 orcs (D:4)
  2 bats (D:1)
  3 giant cockroaches
  3 goblins
  3 hobgoblins (D:1)
  2 jackals (D:1)
  A ball python (D:1)
  A frilled lizard (D:1)
  A quokka skeleton (D:4)
  5 rats
28 creatures vanquished.

Notes
Turn   | Place    | Note
-------+----------+-------------------------------------------
     0 | D:1      | Supreme the Gargoyle Earth Elementalist began the quest for the Orb.
     0 | D:1      | Reached XP level 1. HP: 10/10 MP: 3/3
   152 | D:1      | Reached skill level 4 in Earth Magic
   198 | D:1      | Reached XP level 2. HP: 15/15 MP: 3/5
   241 | D:1      | Found a snail-covered altar of Cheibriados.
   468 | D:1      | Learned a level 2 spell: Passwall
   554 | D:2      | Noticed Terence
   589 | D:2      | Reached XP level 3. HP: 6/19 MP: 4/6
   650 | D:2      | Noticed Natasha
   652 | D:2      | Killed Natasha
   730 | D:2      | Reached XP level 4. HP: 11/24 MP: 1/7
   745 | D:2      | You fall through a shaft for 2 floors!
   763 | D:4      | Reached skill level 5 in Earth Magic
   773 | D:4      | Noticed a two-headed ogre
   784 | D:4      | Mangled by a two-headed ogre

Skill      XL: |  1  2  3  4 |
---------------+-------------+-----
Earth Magic    | 4 5 |  5.2
Fighting       | |  0.5
Dodging        | |  1.9
Stealth        | |  2.3
Spellcasting   | |  2.8
Transmutations | |  0.8

Action                   |  1- 3 |  4- 6 || total
-------------------------+-------+-------++-------
Melee: Mace              |    22 |       ||    22
 Fire: Hunting sling     |     1 |    10 ||    11
 Cast: Sandblast         |    23 |     5 ||    28
       Passwall          |     6 |     1 ||     7
  Use: Scroll            |       |     1 ||     1
Armor: Robe              |     2 |       ||     2
       Leather armour    |    26 |       ||    26
Dodge: Dodged            |    32 |     1 ||    33
